 Dungeon Crawl Stone Soup version 0.25.1-2-g60ff931df9 (webtiles) character file.

Game seed: 13622468085685572653

171 ArchParadox the Slasher (level 5, -5/52 HPs)
             Began as an Octopode Wanderer on Oct 8, 2020.
             Was a Believer of Zin.
             Slain by a centaur (7 damage)
             ... on level 4 of the Dungeon.
             The game lasted 00:20:54 (4790 turns).

ArchParadox the Slasher (Octopode Wanderer)         Turns: 4790, Time: 00:20:55

Health: -5/52      AC:  1    Str: 11    XL:     5   Next: 51%
Magic:  6/6        EV: 12    Int: 18    God:    Zin [**....]
Gold:   164        SH:  3    Dex:  9    Spells: 4/4 levels left

rFire    . . .     SeeInvis .   a - +0 falchion
rCold    . . .     Gourm    .   q - +0 buckler
rNeg     . . .     Faith    .   (helmet restricted)
rPois    .         Spirit   .   t - amulet of magic regeneration
rElec    .         Reflect  .   m - ring of protection from magic
rCorr    .         Harm     .   (no ring)
MR       +....                  (no ring)
Stlth    ..........             (no ring)
HPRegen  0.17/turn              (no ring)
MPRegen  0.35/turn              (no ring)
                                (no ring)
                                (no ring)

@: berserking, very quick
A: almost no armour, stealthy swim, amphibious, 8 rings, constrict 8, camouflage
1, gelatinous body 1
a: Recite, Vitalisation, Donate Gold, Renounce Religion


You were on level 4 of the Dungeon.
You worshipped Zin.
Zin was pleased with you.
You were not hungry.

You visited 1 branch of the dungeon, and saw 4 of its levels.

You collected 182 gold pieces.
You donated 18 gold pieces to Zin.

Inventory:

Hand Weapons
 a - a +0 falchion (weapon)
 b - a +0 hand crossbow
 e - a +2 dagger
Missiles
 d - 16 bolts
 h - 55 arrows
Armour
 q - a +0 buckler (worn)
Jewellery
 m - a ring of protection from magic (left tentacle)
 t - an amulet of magic regeneration (around mantle)
Scrolls
 j - a scroll of fog {unknown}
 l - 3 scrolls of immolation
 o - a scroll of enchant weapon {unknown}
 p - a scroll of identify
 r - a scroll of remove curse {unknown}
Potions
 g - a potion of might {unknown}
 i - 3 potions of curing {unknown}
 n - a potion of degeneration {unknown}
 s - 2 potions of haste {unknown}
Comestibles
 f - 4 rations
 k - a chunk of flesh


   Skills:
 + Level 2.4 Fighting
 * Level 3.8 Long Blades
 - Level 3.0 Crossbows
 - Level 2.1 Dodging
 - Level 3.0 Stealth
 * Level 1.0 Shields
   Level 2.1 Evocations


You had 4 spell levels left.
You didn't know any spells.
Your spell library was empty.

Dungeon Overview and Level Annotations

Branches:
Dungeon (4/15)
 Temple: D:4-7

Altars:
Kikubaaqudgha
Makhleb
Trog
Zin

Annotations:
D:4 exclusions: gnoll shaman and worker ant


Innate Abilities, Weirdness & Mutations

You cannot wear most types of armour.
You are very stealthy in the water. (Stealth+)
You are amphibious.
You can wear up to eight rings at the same time.
You can use your tentacles to constrict eight enemies at once.
Your skin changes colour to match your surroundings (Stealth+).
Your rubbery body absorbs attacks. (AC +1, EV +1)


Message History

The centaur barely misses you.
You hit the centaur.
The centaur is heavily wounded.
The centaur hits you.
* * * LOW HITPOINT WARNING * * *
You block the centaur's attack.
A red film seems to cover your vision as you go berserk!
You feel yourself moving faster!
You feel mighty! The centaur completely misses you.
You hit the centaur.
The centaur is severely wounded.
The centaur hits you.
* * * LOW HITPOINT WARNING * * *
You closely miss the centaur. Your squeeze misses the centaur.
The centaur is severely wounded.
The centaur closely misses you.
You hit the centaur.
The centaur is almost dead.
The centaur hits you!
You die...

#.........
#########.........
#.......#####.####
##########.......#####.##
#........#..(...........#
#..<...............(.....#
#.......................[#
#...(....#c..>.......[.>...
#.......(#@......#####.####
#....c...#.......# #...
######(#####.......# ...##
#....#(####..####### ...
#....#.(.......
#......####.###
#....c.####.###
#.............. #
#.....#.#^....# #


You could see a centaur.

Vanquished Creatures
  An orc priest (D:3)
  A worker ant (D:4)
  An adder (D:2)
  A shadow imp (D:1)
  An adder zombie (D:3)
  3 dart slugs
  A leopard gecko (D:2)
  9 orcs
  3 ball pythons
  5 giant cockroaches
  7 goblins
  4 hobgoblins
  12 jackals
  7 kobolds
  9 bats
  8 frilled lizards
  6 rats
79 creatures vanquished.

Notes
Turn   | Place    | Note
-------+----------+-------------------------------------------
     0 | D:1      | ArchParadox the Octopode Wanderer began the quest for the
                  | Orb.
     0 | D:1      | ArchParadox set off with the following items: a +2 dagger,
                  | a potion of berserk rage, a +0 hand crossbow, 26 bolts, a
                  | +0 falchion, a ration
     0 | D:1      | Reached XP level 1. HP: 13/13 MP: 2/2
   209 | D:1      | Reached XP level 2. HP: 18/18 MP: 3/3
   692 | D:1      | Reached XP level 3. HP: 23/23 MP: 4/4
  1586 | D:2      | Found an ancient bone altar of Kikubaaqudgha.
  1598 | D:2      | Reached XP level 4. HP: 27/29 MP: 5/5
  2225 | D:2      | Found a glowing silver altar of Zin.
  2350 | D:2      | Became a worshipper of Zin the Law-Giver
  2814 | D:3      | Reached * piety under Zin
  3174 | D:3      | Found a bloodstained altar of Trog.
  3290 | D:3      | Found a burning altar of Makhleb.
  4045 | D:3      | Reached XP level 5. HP: 15/35 MP: 6/6
  4049 | D:3      | Reached ** piety under Zin
  4371 | D:4      | Noticed a centaur
  4624 | D:4      | Reached skill level 1 in Shields
  4788 | D:4      | HP: 2/52 [centaur (1)]
  4790 | D:4      | Slain by a centaur

Illustrated notes

Levels and vault maps discovered:
D:1:      lightli_arrival_noodles, layout_loops_ring
D:2:      layout_basic, marbit_many_paths, old_standard_altar
D:3:      layout_loops_corners, nicolae_overflow_hidden_temple,
          lemuel_coloured_pillars_altar, minmay_misc_feat_rugged
D:4:      layout_rooms, lemuel_doored_altar, gammafunk_ghost_cemetery

Skill      XL: |  1  2  3  4  5 |
---------------+----------------+-----
Stealth        | 2 3 |  3.0
Long Blades    | 3 |  3.8
Fighting       | 2 |  2.4
Dodging        | 2 |  2.1
Shields        | 1 |  1.0
Crossbows      | |  3.0
Evocations     | |  2.1

Action                   |  1- 3 |  4- 6 || total
-------------------------+-------+-------++-------
Melee: Falchion          |    49 |    95 ||   144
       Constrict         |    10 |    23 ||    33
       Tentacles         |     6 |    15 ||    21
 Fire: Hand crossbow     |    42 |    12 ||    54
Invok: Recite            |       |     1 ||     1
  Use: Scroll            |     3 |     3 ||     6
       Potion            |       |     1 ||     1
 Stab: Sleeping          |     2 |    12 ||    14
       Distracted        |     1 |       ||     1
  Eat: Chunk             |     2 |     7 ||     9
       Ration            |       |     1 ||     1
Armor: Skin              |     8 |     6 ||    14
Dodge: Dodged            |    41 |    51 ||    92
Block: Buckler           |       |    11 ||    11
       Rpst.: Falchion   |     9 |    13 ||    22
